cohdb
Replays
Latest Replays
All Replays
Popular Replays
Top Player Replays
Match Explorer
How It Works
Community
CoH3 Stats
Reddit
Sign in to upload your games and track your stats! →
Sign in with Steam
Match 35574400
Unlisted
Match 35574400
Overview
Messages
Build Orders
End
Construct Infanterie Kompanie
Kettenkrad Recon Vehicle
MG 42 Machine Gun Team
Selects Italian Coastal Battlegroup
Selects Coastal Reserves
Coastal Reserve
Coastal Reserve
GrW 34 Mortar Team
Selects Artillery Officer
MG 42 Machine Gun Team
Coastal Reserve
Infanterie Officer Quarters
Construct Panzergrenadier Kompanie
Construct Luftwaffe Kompanie
Artillery Officer
Support Elements
Selects Support Bunkers
Selects Designated Artillery Overwatch
Medical Bunker
Wirbelwind Flakpanzer
Pioneer Squad
MG 42 Bunker
Selects Bulwark
MG 42 Bunker
MG 42 Bunker
funny mud pee
4ipolino
KnJaz
Czerwony
DibbeTC
Mad Mac
Ambar
Maggot
0
0
Comments
sign in to comment!
No comments posted yet!